AoeStats
← Mameluco

Nomad

509958535Analyzed
3v3 RM · 2d ago on Sep 28, 2026· 39m 24s· 6 players
Game mode
Random Map
Map size
210×210
Population
200
Speed
Normal
Resources
Standard
Victory
Conquest
Starting age
Dark Age
Ending age
Imperial Age
RankedLock teamsTeams togetherTeam positionsShared explorationLock speedFull tech treeHidden civsTurbo modeCheats
Victory
Defeat
🇩🇪 Saxons · Germany
897
+13
🇬🇧 Hindustanis · United Kingdom
868
+15
🇮🇹 Huns · Italy
838
+16
🇨🇱 Mongols · Chile
906
-17
🇪🇸 Tupi · Spain
812
-14
🇲🇽 Italians · Mexico
791
-28
Budhampton
3:34 Loom
16:47 Feudal Age
21:10 Castle Age
19:07 Stone Mining
22:54 Double-Bit Axe
23:45 Husbandry
23:56 Bloodlines
24:52 Wheelbarrow
24:34 Fletching
26:40 Bow Saw
27:23 Hand Cart
36:14 Town Watch
36:18 Horse Collar
36:52 Gold Mining
michelsenmax.98
5:06 Loom
16:12 Feudal Age
16:41 Fishing Lines
17:04 Double-Bit Axe
17:41 Town Watch
18:32 Wheelbarrow
19:11 Stone Mining
19:12 Gold Mining
23:28 Castle Age
22:23 Bloodlines
24:22 Gillnets
24:54 Bow Saw
25:24 Gold Shaft Mining
27:15 Scale Mail Armor
27:25 Forging
27:07 Fletching
28:12 Chain Mail Armor
29:51 Squires
30:47 Hand Cart
31:16 Bodkin Arrow
35:06 Ballistics
34:42 Murder Holes
35:28 Iron Casting
39:18 Imperial Age
37:51 Horse Collar
38:43 Heavy Plow
38:38 Arson
Miccit88
14:22 Feudal Age
15:10 Double-Bit Axe
15:59 Fishing Lines
17:55 Horse Collar
21:16 Gold Mining
21:20 Stone Mining
21:41 Forging
21:38 Scale Barding Armor
23:37 Castle Age
22:28 Fletching
24:33 Heavy Plow
24:56 Gillnets
25:51 Husbandry
26:28 Iron Casting
26:14 Chain Barding Armor
28:36 Gold Shaft Mining
31:11 Wheelbarrow
35:26 Imperial Age
34:23 Hand Cart
34:56 Ballistics
36:21 Marauders
36:42 Conscription
35:43 Elite Tarkan
36:52 Town Watch
39:19 Plate Barding Armor
ART_iOrigami
14:56 Feudal Age
16:15 Fishing Lines
17:41 Wheelbarrow
16:58 Double-Bit Axe
20:25 Horse Collar
22:36 Man-at-Arms
Titario
6:54 Loom
14:37 Feudal Age
18:43 Castle Age
20:54 Wheelbarrow
20:06 Loom
20:09 Town Watch
20:56 Gold Mining
21:15 Stone Mining
22:04 Double-Bit Axe
Mameluco
7:05 Loom
14:12 Feudal Age
20:15 Castle Age
18:35 Double-Bit Axe
19:36 Stone Mining
19:39 Gold Mining
21:08 Bow Saw
27:51 Fletching
28:02 Padded Archer Armor
30:37 Bodkin Arrow
30:59 Leather Archer Armor
34:54 Ballistics
Connection lost

Rejoining the realm…

Still unreachable

The connection could not be restored.

Session expired

The server has moved on; the page needs a fresh start.